 Dungeon Crawl Stone Soup version 0.31-a0-232-gb1c03b2570 (webtiles) character file.

Game seed: 4628458360772632940

186 qw the Shooter (level 5, -8/45 HPs)
             Began as a Minotaur Hexslinger on July 7, 2023.
             Mangled by a gnoll
             ... wielding a +0 halberd
              (10 damage)
             ... on level 3 of the Dungeon.
             The game lasted 00:00:39 (1366 turns).

qw the Shooter (Minotaur Hexslinger)                Turns: 1366, Time: 00:00:39

Health: -8/45      AC:  5    Str: 12    XL:     5   Next: 38%
Magic:  5/5        EV: 11    Int: 10    God:
Gold:   61         SH:  0    Dex: 15    Spells: 5/6 levels left

rFire   . . .        a - +3 orcbow (heavy)
rCold   . . .        (shield currently unavailable)
rNeg    . . .        m - +0 ring mail
rPois   .            (helmet restricted)
rElec   .            (no cloak)
rCorr   .            (no gloves)
SInv    .            (no boots)
Will    .....        (no amulet)
Stlth   +            (no ring)
HPRegen 0.27/turn    (no ring)
MPRegen 0.09/turn

%: no passive effects
@: no status effects
A: horns 2, retaliatory headbutt
a: no special abilities


You were on level 3 of the Dungeon.
You visited 1 branch of the dungeon, and saw 3 of its levels.

You collected 61 gold pieces.


Innate Abilities, Weirdness & Mutations

You have a pair of horns on your head.
You reflexively headbutt those who attack you in melee.


   Skills:
 - Level 3.0 Fighting
 + Level 5.4 Ranged Weapons
 - Level 1.4 Armour
 - Level 2.1 Dodging
 - Level 1.0 Spellcasting
 - Level 2.0 Hexes


You had 5 spell levels left.
You knew the following spells:

 Your Spells              Type           Power      Damage    Failure   Level
a - Slow                  Hex            16%        N/A       32%         1

Your spell library contained the following spells:

 Spells                   Type           Power      Damage    Failure   Level
 Inner Flame              Hex/Fire       2%         N/A       83%         3
 Portal Projectile        Hex/Tloc       4%         N/A       83%         3
 Cause Fear               Hex            2%         N/A       97%         4

Inventory:

Hand Weapons
 a - a +3 heavy orcbow (weapon)
Armour
 m - a +0 ring mail (worn)
Wands
 f - a wand of digging (6)
Scrolls
 c - a scroll of identify
Potions
 d - a potion of mutation {unknown}
 e - a potion of curing {unknown}
 g - a potion of heal wounds {unknown}
 h - a potion of lignification {unknown}
 j - a potion of degeneration {unknown}
 k - a potion of haste

Dungeon Overview and Level Annotations

Branches:
Dungeon (3/15)

Altars:


Message History

A gnoll comes into view. It is wielding a +0 halberd.
The goblin hits you with a +0 club.
You shoot an arrow. The gnoll shouts!
The arrow hits the goblin!!
You kill the goblin!
The gnoll hits you with a +0 club.
You shoot an arrow. The arrow hits the gnoll.
The gnoll is moderately wounded.
The gnoll hits you with a +0 club. The gnoll hits you but does no damage.
The gnoll misses you. The gnoll hits you with a +0 club.
The gnoll barely misses you.
You shoot an arrow. The arrow hits the gnoll!!
You kill the gnoll!
The gnoll hits you with a +0 club. The gnoll closely misses you.
The gnoll hits you from afar with a +0 halberd.
The gnoll hits you but does no damage. The gnoll hits you with a +0 club.
You shoot an arrow. The arrow closely misses the gnoll.
The gnoll hits you but does no damage. The gnoll barely misses you.
The gnoll closely misses you.
An orc comes into view.
It is wielding a +1 flail of protection.
The gnoll hits you with a +0 club. The gnoll closely misses you. x2
You shoot an arrow. The arrow barely misses the gnoll.
The orc shouts!
The gnoll closely misses you. The gnoll hits you with a +0 club.
The gnoll hits you from afar with a +0 halberd.
The gnoll closely misses you. The gnoll hits you with a +0 club.
The gnoll hits you from afar with a +0 halberd.
You shoot an arrow. The arrow hits the gnoll!!
You kill the gnoll!
An orc wizard comes into view. It is wielding a +0 dagger.
The gnoll completely misses you.
The gnoll hits you from afar with a +0 halberd!
The gnoll closely misses you. The gnoll barely misses you.
You shoot an arrow. The orc wizard shouts!
The arrow hits the gnoll!
The gnoll is severely wounded.
The gnoll hits you from afar with a +0 halberd!
You die...

#............
#...).....$.
##o......... ..
#.......... .... .....
..........##...####.....
.....g............#.....
....og.).......#.....o..
#)@.......#........
#.........#........
#.........#......#
#........##......#
#..#.............#
#..#.#####.#+#.###
#..#.#...#.#.#.#
#..#.#.###.#.#.#
...#.#.....#.#.#


You could see an orc wizard, 2 gnolls and an orc.

Vanquished Creatures
  Terence (D:2)
  An orc wizard (D:3)
  2 gnolls (D:3)
  7 adders (D:2)
  A worm (D:2)
  3 dart slugs
  6 bats
  3 endoplasms
  A giant cockroach (D:2)
  4 goblins
  2 hobgoblins
  4 jackals (D:1)
  9 ball pythons
  A frilled lizard (D:1)
  6 rats
51 creatures vanquished.

Notes
Turn   | Place    | Note
-------+----------+-------------------------------------------
     0 | D:1      | qw the Minotaur Hexslinger began the quest for the Orb.
     0 | D:1      | Reached XP level 1. HP: 16/16 MP: 1/1
     0 | D:1      | 0 ||| qw: Version: 0.3-a-46-gb1f654a
     0 | D:1      | 0 ||| qw: Game counter: 2765
     0 | D:1      | 0 ||| qw: Melee chars always use a shield: true
     0 | D:1      | 0 ||| qw: God list: Okawaru
     0 | D:1      | 0 ||| qw: Allow faded altars: false
     0 | D:1      | 0 ||| qw: Do Orc after clearing Dungeon:15 true
     0 | D:1      | 0 ||| qw: Do second Lair branch before Depths: true
     0 | D:1      | 0 ||| qw: Lair rune preference: random
     0 | D:1      | 0 ||| qw: Goals: Normal
     0 | D:1      | 0 ||| PLANNING D:1-11
   123 | D:1      | Reached skill level 3 in Ranged Weapons
   273 | D:1      | Reached XP level 2. HP: 23/23 MP: 2/2
   578 | D:1      | 578 ||| UPGRADING to +0 leather armour.
   588 | D:1      | 588 ||| DROPPING +0 robe.
   589 | D:1      | 589 ||| READING scroll labelled URYUCZETUE.
   590 | D:1      | 590 ||| READING scroll labelled ZOEPOU VUGOCW.
   591 | D:1      | 591 ||| READING scroll labelled OJAYTYVIEC.
   591 | D:1      | Identified a scroll of acquirement
   591 | D:1      | 591 ||| ACQUIRING +3 heavy orcbow
   591 | D:1      | Acquired a +3 heavy orcbow
   593 | D:1      | 593 ||| SWAPPING to +3 heavy orcbow.
   594 | D:1      | 594 ||| DROPPING +1 sling of electrocution.
   595 | D:1      | 595 ||| DRINKING 2 smoky puce potions.
   596 | D:1      | 596 ||| DRINKING 2 blue potions.
   597 | D:1      | 597 ||| DRINKING 2 smoky emerald potions.
   598 | D:1      | 598 ||| DROPPING scroll of poison.
   599 | D:1      | 599 ||| DROPPING potion of magic.
   600 | D:1      | 600 ||| DROPPING potion of brilliance.
   721 | D:2      | Reached XP level 3. HP: 29/29 MP: 3/3
   750 | D:2      | Reached skill level 4 in Ranged Weapons
   839 | D:2      | Reached XP level 4. HP: 36/36 MP: 4/4
   845 | D:2      | Noticed Terence
   854 | D:2      | HP: 8/36 [Terence/+2 flail of protection (11)]
   855 | D:2      | Killed Terence
   858 | D:2      | Reached skill level 5 in Ranged Weapons
  1132 | D:2      | Reached skill level 3 in Fighting
  1215 | D:2      | Reached XP level 5. HP: 45/45 MP: 5/5
  1220 | D:2      | 1220 ||| UPGRADING to +0 ring mail.
  1230 | D:2      | 1230 ||| DROPPING +0 leather armour.
  1231 | D:2      | 1231 ||| READING scroll labelled XIRGHIRU ECELL.
  1232 | D:2      | 1232 ||| READING scroll labelled JIRUPLEARR.
  1264 | D:3      | 1264 ||| FLEEEEING.
  1265 | D:3      | 1265 ||| FLEEEEING.
  1266 | D:3      | 1266 ||| FLEEEEING.
  1267 | D:3      | 1267 ||| FLEEEEING.
  1274 | D:3      | 1274 ||| STAIRDANCE
  1296 | D:3      | 1296 ||| STAIRDANCE
  1328 | D:3      | Reached skill level 1 in Armour
  1364 | D:3      | HP: 8/45 [gnoll/+0 halberd (4)]
  1365 | D:3      | HP: 1/45 [gnoll/+0 halberd (7)]
  1366 | D:3      | Mangled by a gnoll

Levels and vault maps discovered:
D:1:      dpeg_arrival_houses_and_road, layout_rooms, hangedman_decor_slide_cut,
          minmay_large_rounded_square, chequers_serial_rivers_large_b,
          minmay_misc_feat_diagonals
D:2:      layout_rooms, minmay_snake_closets, uniq_terence
D:3:      layout_basic

Skill      XL: |  1  2  3  4  5 |
---------------+----------------+-----
Ranged Weapons | 3 4 5 |  5.4
Fighting       | 2 3 |  3.0
Armour         | 1 |  1.4
Dodging        | |  2.1
Spellcasting   | |  1.0
Hexes          | |  2.0

Action                     |  1- 3 |  4- 6 || total
---------------------------+-------+-------++-------
   Fire: Sling             |    54 |       ||    54
         Orcbow            |    32 |    48 ||    80
    Use: Scroll            |     3 |     2 ||     5
         Potion            |     3 |       ||     3
 Armour: Robe              |    11 |       ||    11
         Leather armour    |     4 |     5 ||     9
         Ring mail         |       |     3 ||     3
  Dodge: Dodged            |    56 |    28 ||    84

Table legend:
 A = Non-vault XP
 B = Vault XP
 C = Vault XP percentage of total XP
 D = Non-vault monster count
 E = Vault monster count
 F = Vault count percentage of total count
                 A         B        C        D         E       F
            +---------+---------+-------+---------+---------+-------
      Total |     153 |     114 |  42.7 |      39 |      12 |  23.5
            +---------+---------+-------+---------+---------+-------
        D:1 |      27 |       0 |   0.0 |      14 |       0 |   0.0
        D:2 |      55 |     114 |  67.5 |      18 |      12 |  40.0
        D:3 |      71 |       0 |   0.0 |       7 |       0 |   0.0
            +---------+---------+-------+---------+---------+-------
